 Dungeon Crawl Stone Soup version 0.29.1-13-g9f3cf754e1 (webtiles) character file.

Game seed: 4198535247920020183

492 hawla the Chiller (level 7, -1/51 HPs)
             Began as a Meteoran Ice Elementalist on Feb 8, 2023.
             Slain by a gnoll sergeant
             ... wielding a +0 spear
              (4 damage)
             ... on level 5 of the Dungeon.
             The game lasted 00:06:22 (1055 turns).

hawla the Chiller (Meteoran Ice Elementalist)       Turns: 1055, Time: 00:06:23

Health: -1/51      AC:  3    Str: 10    XL:     7   Next: 65%
Magic:  5/14       EV: 12    Int: 19    God:
Gold:   40         SH:  0    Dex: 14    Spells: 7/15 levels left

rFire   . . .      SeeInvis .   g - +1 scimitar
rCold   . . .      Faith    .   (no shield)
rNeg    . . .      Spirit   .   a - +1 robe
rPois   .          Reflect  .   (no helmet)
rElec   .          Harm     .   (no cloak)
rCorr   +          Rampage  .   (no gloves)
Will    .....                   (no boots)
Stlth   +.........              e - amulet of the acrobat
HPRegen 0.17/turn               f - ring of resist corrosion
MPRegen 0.14/turn               (no ring)

@: very slightly contaminated, glowing
A: sense surroundings 1, otherworldly, glowing, explore regen
a: no special abilities


You were on level 5 of the Dungeon.
You visited 1 branch of the dungeon, and saw 5 of its levels.

You collected 40 gold pieces.

Inventory:

Hand Weapons
 g - a +1 scimitar (weapon)
Armour
 a - a +1 robe (worn)
Jewellery
 e - an amulet of the acrobat (around neck)
 f - a ring of resist corrosion (left hand)
Scrolls
 c - 2 scrolls of teleportation
Potions
 b - a potion of curing {unknown}
 d - a potion of mutation {unknown}
 j - a potion of heal wounds {unknown}


   Skills:
 + Level 0.7 Fighting
 + Level 0.3 Long Blades
 + Level 2.8 Dodging
 - Level 1.4 Stealth
 + Level 4.5 Spellcasting
 + Level 5.4 Conjurations
 + Level 6.4 Ice Magic


You had 7 spell levels left.
You knew the following spells:

 Your Spells              Type           Power      Damage    Failure   Level
a - Freeze                Ice            100%       1d11      1%          1
b - Frozen Ramparts       Ice            56%        1d9       2%          3
c - Hailstorm             Conj/Ice       26%        3d7       12%         4

Your spell library contained the following spells:

 Spells                   Type           Power      Damage    Failure   Level
 Ozocubu's Armour         Ice            28%        N/A       2%          3
 Animate Dead             Necr           4%         N/A       78%         4
 Borgnjor's Vile Clutch   Necr/Erth      2%         N/A       98%         5
 Death Channel            Necr           2%         N/A       100%        6


Dungeon Overview and Level Annotations

Branches:
Dungeon (5/15) Zot: 1936
 Temple: D:4-7

Altars:

Portals:
Abyss: D:4

Annotations:
D:4 2 transporters, AverageBear's ghost, novice DsFi


Innate Abilities, Weirdness & Mutations

You passively map a small area around you.
You are easily found by Zot.
You glow in the dark.
You regain HP and MP as you explore.


Message History

The wall freezes the gnoll.
You kill the gnoll!
A gnoll comes into view. It is wielding a +0 club.
The wall freezes the gnoll.
The gnoll hits you with a +0 whip!
The wall freezes the gnoll sergeant.
The gnoll sergeant misses you.
The wall freezes the gnoll!
You kill the gnoll!
The wall freezes the gnoll sergeant.
The gnoll sergeant hits you from afar with a +0 spear!
The wall freezes the gnoll sergeant.
The gnoll sergeant hits you from afar with a +0 spear!
The wall freezes the gnoll sergeant.
The gnoll sergeant misses you.
The wall freezes the gnoll sergeant.
The gnoll sergeant misses you.
The wall freezes the gnoll sergeant but does no damage.
The gnoll sergeant closely misses you.
Casting: Frozen Ramparts (dangerous; 2% risk of failure)
Confirm with . or Enter, or press ? or * to list all spells.
The spell is quite dangerous to miscast (12% risk of failure)!
Continue anyway?
Casting: Hailstorm (quite dangerous; 12% risk of failure)
Press: ? - help, Dir - look around, f - activate A cannonade of hail descends around you!
The hail pelts the gnoll sergeant!
The gnoll sergeant is almost dead.
The hail pelts the gnoll!
The gnoll is severely wounded.
The frozen ramparts melt away.
The gnoll sergeant hits you from afar with a +0 spear!
* * * LOW HITPOINT WARNING * * *
Unknown command.
Casting: Hailstorm (quite dangerous; 12% risk of failure)
Confirm with . or Enter, or press ? or * to list all spells.
The spell is quite dangerous to miscast (12% risk of failure)!
Continue anyway?
Casting: Hailstorm (quite dangerous; 12% risk of failure)
Press: ? - help, Dir - look around, f - activate You miscast Hailstorm.
You are very lightly contaminated with residual magic.
A chill runs through your body!
* * * LOW HITPOINT WARNING * * *
The gnoll sergeant hits you from afar with a +0 spear.
You die...

, * * , ..
* #..######
,
#.....#.##
, ,
#....g)@.#
,
#....g#..#
, #....
#..# * #...
##.# * ,
...
#.###### *
..
,#......# *
, , .
#......# ,
#......# ,
* ,,
#....######
,,


You could see a gnoll sergeant and a gnoll.

Vanquished Creatures
  An ogre (D:4)
  A scorpion (D:4)
  A howler monkey (D:4)
  2 jellies (D:4)
  An iguana (D:5)
  An orc wizard (D:4)
  6 gnolls
  3 adders
  A shadow imp (D:5)
  2 dart slugs
  5 orcs
  A ball python (D:2)
  2 endoplasms
  2 giant cockroaches (D:4)
  2 goblins (D:4)
  3 hobgoblins
  4 jackals (D:4)
  A kobold (D:4)
  3 quokkas (D:4)
  A frilled lizard (D:3)
  A rat (D:1)
44 creatures vanquished.

Vanquished Creatures (collateral kills)
  A necrophage (D:5)
1 creature vanquished.

Grand Total: 45 creatures vanquished

Notes
Turn   | Place    | Note
-------+----------+-------------------------------------------
     0 | D:1      | hawla the Meteoran Ice Elementalist began the quest for the
                  | Orb.
     0 | D:1      | Reached XP level 1. HP: 14/14 MP: 5/5
    85 | D:2      | Reached XP level 2. HP: 17/20 MP: 1/6
   219 | D:3      | Reached skill level 5 in Ice Magic
   219 | D:3      | Reached XP level 3. HP: 21/26 MP: 4/8
   268 | D:4      | Found a transporter.
   275 | D:4      | Reached XP level 4. HP: 31/33 MP: 4/10
   281 | D:4      | Learned a level 3 spell: Frozen Ramparts
   296 | D:4      | Found a transporter.
   343 | D:4      | Learned a level 4 spell: Hailstorm
   372 | D:4      | Reached skill level 1 in Conjurations
   447 | D:4      | Noticed AverageBear's ghost (novice DsFi)
   452 | D:4      | Noticed a small abomination
   465 | D:4      | Found a one-way gate to the infinite horrors of the Abyss.
   587 | D:4      | Noticed an ogre
   607 | D:4      | Killed an ogre
   608 | D:4      | Reached XP level 5. HP: 26/38 MP: 4/11
   608 | D:4      | Reached XP level 6. HP: 31/45 MP: 4/12
   665 | D:4      | Reached skill level 5 in Conjurations
   688 | D:4      | Reached XP level 7. HP: 38/50 MP: 4/13
   762 | D:4      | Reached skill level 6 in Ice Magic
   935 | D:5      | Entered Level 5 of the Dungeon
  1055 | D:5      | Slain by a gnoll sergeant

Illustrated notes

Levels and vault maps discovered:
D:1:      minmay_arrival_plants_in_alcoves, layout_basic, basic_ecumenical_altar
D:2:      layout_rooms, serial_corexii_hall, corexii_hall_statues_t,
          corexii_hall_statues_i, chequers_hall_statues_y,
          chequers_hall_statues_corner_a, corexii_hall_statues_l,
          corexii_hall_statues_l
D:3:      layout_rooms, grunt_ministairs_11
D:4:      layout_gridville, gammafunk_ghost_abyssal_escape,
          chequers_serial_rivers_micro_a, minmay_misc_feat_alley,
          kennysheep_boxes
D:5:      layout_gridville, enter_ossuary_4, gammafunk_ghost_nasty_kobolds,
          grunt_tough_drop, uniq_duvessa

Skill      XL: |  1  2  3  4  5  6  7 |
---------------+----------------------+-----
Spellcasting   | 3 4 |  4.5
Ice Magic      | 5 6 |  6.4
Conjurations   | 4 5 |  5.4
Fighting       | |  0.7
Long Blades    | |  0.3
Dodging        | |  2.8
Stealth        | |  1.4

Action                   |  1- 3 |  4- 6 |  7- 9 || total
-------------------------+-------+-------+-------++-------
Melee: Unarmed           |     6 |       |       ||     6
       Scimitar          |     1 |     8 |    11 ||    20
       Punch             |       |       |     1 ||     1
 Cast: Freeze            |    17 |    13 |       ||    30
       Frozen Ramparts   |       |    12 |     6 ||    18
       Hailstorm         |       |       |     5 ||     5
  Use: Scroll            |     3 |       |     3 ||     6
       Potion            |       |       |     1 ||     1
Armor: Robe              |     4 |     6 |     1 ||    11
Dodge: Dodged            |     7 |    16 |    20 ||    43
